 Dungeon Crawl Stone Soup version 0.31-a0-117-g42d8f58691 (webtiles) character file.

Game seed: 10662715768541100514

119269 holysushi the Acrobat (level 16, -14/76 HPs)
             Began as a Spriggan Monk on May 30, 2023.
             Was the Champion of Qazlal.
             Demolished by an Ice Fiend (16 damage)
             ... in an ice cave.
             The game lasted 00:46:30 (24920 turns).

holysushi the Acrobat (Spriggan Monk)              Turns: 24920, Time: 00:46:31

Health: -14/76     AC:  6    Str:  7    XL:     16   Next: 27%
Magic:  24/24      EV: 57    Int: 12    God:    Qazlal [******]
Gold:   2033       SH: 19    Dex: 32    Spells: 15/15 levels left

rFire   + . .        Y - +3 quick blade (drain)
rCold   + . .        E - +3 buckler of the Crypt {Stlth+}
rNeg    + . .        Z - +1 robe "Dafoyresm" {Drain Dex+4}
rPois   .            (helmet restricted)
rElec   .            X - +2 cloak
rCorr   .            (gloves unavailable)
SInv    +            (boots unavailable)
Will    ++...        g - amulet of magic regeneration
Stlth   ++           W - ring of Shadows {Umbra +Inv Stlth+}
HPRegen 0.32/turn    i - ring of Edeggug {rF+ rN+ Dex+3}
MPRegen 0.59/turn

%: repel missiles
@: about to teleport, protected from cold, wreathed by umbra, very quick
A: very small, no large weapons, unfitting armour, see invisible, speed 3
a: Renounce Religion, Evoke Invisibility, Upheaval, Elemental Force, Disaster
Area


You were in an ice cave.
You worshipped Qazlal.
Qazlal was exalted by your worship.
You visited 5 branches of the dungeon, and saw 24 of its levels.
You also visited: Bailey and Ice Cave.

You collected 2572 gold pieces.
You spent 539 gold pieces at shops.

Inventory:

Hand Weapons
 a - a +2 short sword of electrocution
 Y - a +3 quick blade of draining (weapon)
Missiles
 l - a throwing net
Armour
 b - a +0 robe
 d - an orb of light
 E - the +3 buckler of the Crypt (worn) {Stlth+}
   (You acquired it on level 2 of the Lair of Beasts)

   Stlth:     It makes you more stealthy.
 H - +0 steam dragon scales
 K - a +0 troll leather armour
 L - a +0 robe of fire resistance
 X - a +2 cloak (worn)
 Z - the +1 robe "Dafoyresm" (worn) {Drain Dex+4}
   (You found it on level 3 of the Lair of Beasts)

   Dex:       It affects your dexterity (+4).
   Drain:     It drains your maximum health when unequipped.
Jewellery
 g - an amulet of magic regeneration (around neck)
 i - the ring of Edeggug (right hand) {rF+ rN+ Dex+3}
   (You acquired it on level 3 of the Lair of Beasts)

   [ring of protection from fire]

   Dex:       It affects your dexterity (+3).
   rF:        It protects you from fire.
   rN:        It protects you from negative energy.
 v - the ring "Lutiv" {Fly EV+5 Str-4 Int+7}
   (You found it on level 4 of the Dungeon)

   [ring of evasion]

   EV:        It affects your evasion (+5).
   Str:       It affects your strength (-4).
   Int:       It affects your intelligence (+7).
   Fly:       It grants you flight.
 w - the ring "Ucuum" {rF- rN++ Will+++ Dex-2 Slay+4}
   (You found it on level 4 of the Dungeon)

   [ring of slaying]

   Dex:       It affects your dexterity (-2).
   Slay:      It affects your accuracy & damage with ranged weapons and melee
   (+4).
   rF:        It makes you vulnerable to fire.
   rN:        It greatly protects you from negative energy.
   Will:      It greatly increases your willpower.
 M - a ring of magical power
 W - the ring of Shadows (left hand) {Umbra +Inv Stlth+}
   (You found it on level 5 of the Lair of Beasts)

   [ring of stealth]

   Umbra:     It surrounds you with an aura of shadow, increasing your stealth
   and reducing the accuracy of all others within it.
   +Inv:      It lets you turn invisible.
   Stlth:     It makes you more stealthy.
Wands
 f - a wand of flame (79)
 o - a wand of mindburst (24)
 y - a wand of digging (10)
 A - a wand of paralysis (9)
 B - a wand of polymorph (18)
 P - a wand of quicksilver (3)
 Q - a wand of iceblast (5)
Scrolls
 n - a scroll of immolation
 p - 3 scrolls of fear
 q - a scroll of brand weapon
 t - 11 scrolls of teleportation
 x - 4 scrolls of enchant armour
 D - 5 scrolls of fog
 V - a scroll of magic mapping
Potions
 c - a potion of ambrosia
 e - 5 potions of curing
 h - 3 potions of attraction
 j - 2 potions of heal wounds
 k - a potion of magic
 m - 2 potions of mutation
 r - 2 potions of invisibility
 s - 2 potions of cancellation
 u - a potion of degeneration {unknown}
 z - a potion of enlightenment
 G - a potion of resistance
 J - 2 potions of berserk rage
 N - 4 potions of haste
 O - 3 potions of brilliance
Miscellaneous
 R - a tin of tremorstones (2/2)
 S - a piece from Xom's chessboard (15/15)
 T - a lightning rod (4/4)
 U - a box of beasts (inert)


   Skills:
 - Level 5.0 Fighting
 - Level 14.0 Short Blades
 - Level 26.9 Dodging
 - Level 5.0 Stealth
 + Level 7.3 Shields
 - Level 10.0 Invocations
 + Level 9.3 Evocations


You had 15 spell levels left.
You didn't know any spells.
Your spell library contained the following spells:

 Spells                   Type           Power      Damage    Failure   Level
 Freeze                   Ice            0%         1d3       43%         1
 Shock                    Conj/Air       0%         1d3       43%         1
 Cigotuvi's Dreadful Rot  Necr/Pois/Air  0%         N/A       58%         2
 Ensorcelled Hibernation  Hex/Ice        0%         N/A       58%         2
 Lesser Beckoning         Tloc           0%         N/A       58%         2
 Passwall                 Tmut/Erth      0%         N/A       58%         2
 Frozen Ramparts          Ice            0%         1d1       82%         3
 Gell's Gravitas          Tloc           0%         N/A       82%         3
 Hailstorm                Conj/Ice       0%         3d3       82%         3
 Ignite Poison            Fire/Tmut/Pois 0%         N/A       82%         3
 Spider Form              Tmut/Pois      0%         N/A       82%         3
 Summon Guardian Golem    Hex/Summ       0%         N/A       82%         3
 Swiftness                Air            0%         N/A       82%         3
 Teleport Other           Tloc           0%         N/A       82%         3
 Vhi's Electric Charge    Tloc/Air       0%         N/A       82%         3
 Airstrike                Air            0%         2d(0-16)  99%         4
 Anguish                  Hex/Necr       0%         N/A       99%         4
 Manifold Assault         Tloc           0%         N/A       99%         4
 Arcjolt                  Conj/Air       0%         1d10      100%        5
 Freezing Cloud           Conj/Ice/Air   0%         6-21      100%        5
 Death Channel            Necr           0%         N/A       100%        6
 Dispersal                Tloc           0%         N/A       100%        6
 Plasma Beam              Fire/Air       0%         2x1d11    100%        6
 Summon Cactus Giant      Summ           0%         N/A       100%        6
 Orb of Destruction       Conj           0%         9d5       100%        7
 Spellforged Servitor     Conj/Summ      0%         N/A       100%        7
 Summon Hydra             Summ           0%         N/A       100%        7
 Disjunction              Tloc           0%         N/A       100%        8
 Infestation              Necr           0%         N/A       100%        8


Dungeon Overview and Level Annotations

Branches:
Dungeon (14/15) Zot: 25568  Temple (1/1) D:7 Zot: 5990    Lair (5/5) D:9 Zot: 24659
  Swamp (0/4) Lair:3       Spider (0/4) Lair:3        Slime (0/5) Lair:5
    Orc (2/2) D:12 Zot: 10190     Elf (2/3) Orc:2 Zot: 11051  Bailey (visited)
  IceCv (1/1) Zot: 5493
 Vaults: D:13-14

Altars:
Ashenzari
Hepliaklqana
Kikubaaqudgha
Nemelex Xobeh
Qazlal
Trog
Uskayaw
Vehumet
Wu Jian
Zin
The Shining One
Jiyva

Shops:
D:1 *   Orc:2 :=*(

Annotations:
D:4 2 transporters
D:10 4 transporters
Lair:1 2 transporters, BlueFish's ghost, journeyman DrAr
Elf:1 Roxanne


Innate Abilities, Weirdness & Mutations

You are very small and have problems with some larger weapons.
You are too small for most types of armour.
You have supernaturally acute eyesight. (SInv)
You cover ground extremely quickly. (Speed+++)


Message History

Aiming: Quicksilver Bolt
Press: ? - help, Shift-Dir - straight line, f - Ice Fiend
Aim: an Ice Fiend (freezing vapour, umbra, 88% to hit)
The bolt of dispelling energy hits the Ice Fiend!!
The Ice Fiend is moderately wounded.
The bolt of dispelling energy hits the Ice Fiend!
The Ice Fiend is lightly wounded.
The Ice Fiend calls on the powers of darkness!
Your body is wracked with pain!
* * * LOW HITPOINT WARNING * * *
The Ice Fiend calls on the powers of darkness!
Your body is wracked with pain!
* * * LOW HITPOINT WARNING * * *
Aiming: Quicksilver Bolt
Press: ? - help, Shift-Dir - straight line, f/p - Ice Fiend
Aim: an Ice Fiend (freezing vapour, lightly wounded, umbra, 88% to hit)
Okay, then.
Okay, then.
Aiming: Quicksilver Bolt
Press: ? - help, Shift-Dir - straight line, f/p - Ice Fiend
Aim: an Ice Fiend (freezing vapour, lightly wounded, umbra, 88% to hit)
The bolt of dispelling energy hits the Ice Fiend!
The Ice Fiend is heavily wounded.
The bolt of dispelling energy hits the Ice Fiend!
The Ice Fiend is lightly wounded.
As you read the scroll of teleportation, it crumbles to dust.
You feel strangely unstable.
The Ice Fiend is engulfed in blazing flames.
The Ice Fiend gestures at you. The bolt of cold misses you.
The Ice Fiend completely misses you. You block the Ice Fiend's attack.
You feel much better.
The Ice Fiend is engulfed in blazing flames.
You block the Ice Fiend's attack. The Ice Fiend claws you.
The Ice Fiend freezes you!! You resist.
* * * LOW HITPOINT WARNING * * *
You block the Ice Fiend's attack. The Ice Fiend claws you!
* * * LOW HITPOINT WARNING * * *
The Ice Fiend freezes you! You resist.
You die...

##.###...# §§§°...
#..####..###.≈§...
##..#.[##..#§.§°§#
#..##..)##.○§○..#
#
##..#....##.§°§###
.#.
#..##....###§§.#
.... #..#....##
#§°☼# .....
#..##.#.##
#○.1#...###
#...###..#
#..@1......
##..##...#
#..#○§.....
#.......#
##.##..#.#.
##...#..# #.. .##
# ##..#..# #.. .#
####..## ##. ##..#
.. #...## ##...#


You could see 2 Ice Fiends.

Vanquished Creatures
  2 orc warlords (Orc:1)
  A deep elf death mage (Elf:1)
  Snorg (D:9)
  6 hydras
  An ice dragon (Lair:4)
  A centaur warrior (D:14)
  2 ogre magi
  11 two-headed ogres
  A ghost crab (Lair:3)
  A merfolk avatar (Lair:5)
  A boulder beetle (D:11)
  4 dancing weapons
  8 death yaks
  Urug (D:11)
  An orc high priest (Elf:2)
  7 deep elf knights
  4 skysharks
  An iron troll (Orc:1)
  An obsidian statue (IceCv)
  A deep troll (Orc:2)
  2 sea snakes
  2 spriggan simulacra (IceCv)
  A bog body (IceCv)
  4 deep elf archers (Elf:1)
  A harpy (Lair:5)
  10 deep elf pyromancers
  4 orc knights
  3 necromancers (Elf:1)
  An oklob plant (Lair:2)
  9 deep elf zephyrmancers
  3 orc sorcerers
  An ugly thing (D:13)
  4 cyclopes
  25 elephants
  11 black mambas
  25 cane toads
  2 kobold demonologists (D:10)
  2 rime drakes (Lair:5)
  An anaconda simulacrum (IceCv)
  8 komodo dragons
  12 freezing wraiths
  2 ice devils (IceCv)
  6 polar bears
  20 trolls
  2 wind drakes (Lair:5)
  A spectral dream sheep (Lair:3)
  6 hornets
  13 blink frogs
  A snapping turtle (Lair:5)
  5 culicivoras (Lair:3)
  A spectral black mamba (Lair:3)
  A dire elephant simulacrum (IceCv)
  8 wyverns
  A spriggan (shapeshifter) (Elf:2)
  2 vampires (D:12)
  3 large abominations (Elf:1)
  4 wraiths
  3 water elementals
  A fire elemental (Elf:2)
  61 yaks
  7 basilisks
  2 minotaur simulacra (IceCv)
  2 steam dragons
  5 vampire mosquitoes
  2 wargs (Orc:1)
  3 acid dragons
  27 water moccasins
  A spectral polar bear (Lair:3)
  38 orc warriors
  2 ettin simulacra (IceCv)
  2 black bears
  23 ogres
  3 ice beasts
  An alligator simulacrum (IceCv)
  A sky beast (D:6)
  11 wolves (Lair:3)
  A phantom (D:5)
  5 centaurs
  9 bullfrogs
  2 elf zombies (Elf:1)
  5 kobold brigands
  A gnoll sergeant (D:6)
  An earth elemental (Elf:1)
  4 deep troll simulacra (IceCv)
  2 scorpions
  11 wights
  2 lindwurm simulacra (IceCv)
  5 electric eels
  A howler monkey (D:7)
  A jelly (D:7)
  14 orc priests
  2 hounds
  4 sleepcaps
  7 iguanas
  21 orc wizards
  7 gnolls
  17 adders
  A shadow imp (D:7)
  3 white imps (Lair:4)
  An ufetubus (D:5)
  2 worms
  4 dart slugs
  100 orcs
  5 ball pythons
  7 bats
  5 endoplasms
  3 giant cockroaches
  15 goblins
  2 hobgoblins
  5 quokkas
  2 frilled lizards
  12 kobolds
  5 rats
752 creatures vanquished.

Vanquished Creatures (collateral kills)
  A cyclops (Orc:2)
  An elephant (Lair:4)
  2 ice devils (IceCv)
  A yak (Lair:4)
  A minotaur simulacrum (IceCv)
  An ogre (Orc:2)
  A deep troll simulacrum (IceCv)
  An orc wizard (Orc:2)
  2 orcs (Orc:2)
11 creatures vanquished.

Vanquished Creatures (others)
  2 deep elf pyromancers
  3 orcs
5 creatures vanquished.

Grand Total: 768 creatures vanquished

Notes
Turn   | Place    | Note
-------+----------+-------------------------------------------
     0 | D:1      | holysushi the Spriggan Monk began the quest for the Orb.
     0 | D:1      | Reached XP level 1. HP: 11/11 MP: 2/2
   136 | D:1      | Reached XP level 2. HP: 12/16 MP: 3/3
   256 | D:1      | Found Qofobid's General Store.
   674 | D:1      | Found a faded altar of an unknown god.
  1040 | D:2      | Reached XP level 3. HP: 19/19 MP: 4/4
  1120 | D:2      | Reached skill level 5 in Short Blades
  1348 | D:2      | Reached XP level 4. HP: 23/23 MP: 5/5
  1348 | D:2      | Found an ornate altar of the Wu Jian Council.
  2094 | D:3      | Noticed an ice beast
  2530 | D:3      | Reached XP level 5. HP: 27/27 MP: 6/6
  2538 | D:3      | Found a broken altar of Ashenzari.
  2824 | D:3      | Killed an ice beast
  2992 | D:4      | Reached XP level 6. HP: 16/32 MP: 7/7
  3164 | D:4      | Found a transporter.
  3430 | D:4      | Found a transporter.
  3431 | D:4      | Noticed a fire bat
  3431 | D:4      | Noticed a fire bat
  3531 | D:4      | Identified the ring "Lutiv" {Fly EV+5 Str-4 Int+7}
  3572 | D:4      | Identified the ring "Ucuum" {rF- rN++ Will+++ Dex-2 Slay+4}
  3904 | D:5      | Entered Level 5 of the Dungeon
  3930 | D:5      | Found a sparkling altar of Nemelex Xobeh.
  4148 | D:5      | Reached XP level 7. HP: 35/35 MP: 8/8
  4302 | D:5      | Reached skill level 5 in Dodging
  4761 | D:6      | Reached skill level 6 in Dodging
  4779 | D:6      | Reached XP level 8. HP: 23/39 MP: 9/9
  4785 | D:6      | Reached skill level 10 in Short Blades
  4785 | D:6      | Reached skill level 7 in Dodging
  5023 | D:6      | Reached skill level 1 in Stealth
  5023 | D:6      | Reached skill level 1 in Evocations
  5528 | D:6      | Reached skill level 8 in Dodging
  5646 | D:7      | Reached XP level 9. HP: 43/43 MP: 10/10
  5788 | D:7      | Reached skill level 5 in Stealth
  5819 | D:7      | Reached skill level 9 in Dodging
  5928 | D:7      | Noticed a two-headed ogre
  6040 | D:7      | Killed a two-headed ogre
  6041 | D:7      | Reached skill level 11 in Dodging
  6155 | D:7      | Found a staircase to the Ecumenical Temple.
  6171 | Temple   | Entered the Ecumenical Temple
  6180 | Temple   | Became a worshipper of Qazlal Stormbringer
  6180 | Temple   | Reached * piety under Qazlal
  6180 | Temple   | Reached ** piety under Qazlal
  6703 | D:8      | Reached skill level 12 in Dodging
  6703 | D:8      | Reached skill level 1 in Invocations
  6900 | D:8      | Found a flagged portal.
  6971 | Bailey   | Entered a bailey
  7390 | Bailey   | Reached XP level 10. HP: 47/47 MP: 12/12
  7440 | Bailey   | Noticed an orc knight
  7440 | Bailey   | Noticed an orc knight
  7709 | D:8      | Reached skill level 13 in Dodging
  7891 | D:9      | Found a staircase to the Lair.
  8002 | D:9      | Reached *** piety under Qazlal
  8024 | D:9      | Reached skill level 5 in Fighting
  8029 | D:9      | Reached skill level 14 in Dodging
  8155 | D:9      | Found a bloodstained altar of Trog.
  8232 | D:9      | Reached skill level 15 in Dodging
  8328 | D:9      | Reached XP level 11. HP: 43/55 MP: 14/14
  8510 | D:9      | Reached skill level 16 in Dodging
  8603 | D:9      | Upgraded the game from 0.31-a0-115-g4708a659fe to
                  | 0.31-a0-117-g42d8f58691
  8788 | D:10     | Entered Level 10 of the Dungeon
  8822 | D:10     | Noticed Snorg
  8981 | D:9      | Killed Snorg
  9088 | D:10     | Reached **** piety under Qazlal
  9367 | D:10     | Reached skill level 17 in Dodging
  9454 | D:10     | Found a transporter.
  9480 | D:10     | Found a transporter.
  9794 | D:10     | Found a transporter.
  9847 | D:10     | Noticed a two-headed ogre
  9859 | D:10     | Killed a two-headed ogre
  9998 | D:10     | Found a transporter.
 10014 | D:10     | Reached skill level 18 in Dodging
 10111 | D:11     | Noticed a soul eater
 10205 | D:10     | Noticed a sixfirhy
 10305 | D:11     | Noticed a boulder beetle
 10316 | D:11     | Noticed Urug
 10337 | D:11     | Killed a boulder beetle
 10338 | D:11     | Reached skill level 19 in Dodging
 10355 | D:11     | Killed Urug
 10507 | D:11     | Reached XP level 12. HP: 60/60 MP: 15/15
 10641 | D:11     | Reached skill level 20 in Dodging
 10926 | D:12     | You are sucked into a shaft and drop 2 floors!
 10937 | D:14     | Noticed a centaur warrior
 10953 | D:14     | Killed a centaur warrior
 11034 | D:13     | Noticed a catoblepas
 11083 | D:13     | Reached ***** piety under Qazlal
 11161 | D:13     | Noticed a two-headed ogre
 11166 | D:13     | Noticed a vault guard
 11294 | D:11     | Killed a two-headed ogre
 11295 | D:11     | Reached skill level 21 in Dodging
 12074 | D:12     | Reached skill level 22 in Dodging
 12230 | D:12     | Found a staircase to the Orcish Mines.
 12740 | D:1      | Bought 3 scrolls of teleportation for 99 gold pieces
 12740 | D:1      | Bought a box of beasts for 440 gold pieces
 12981 | Lair:1   | Entered Level 1 of the Lair of Beasts
 13060 | Lair:1   | Found a transporter.
 13065 | Lair:1   | Noticed BlueFish's ghost (journeyman DrAr)
 13070 | Lair:1   | Found a transporter.
 13088 | Lair:1   | Reached skill level 5 in Evocations
 13883 | Lair:2   | Noticed a death yak
 13885 | Lair:2   | Noticed a death yak
 13887 | Lair:2   | Noticed a death yak
 13894 | Lair:2   | Noticed a death yak
 13902 | Lair:2   | Noticed a death yak
 13903 | Lair:2   | Noticed a death yak
 13914 | Lair:2   | Noticed a death yak
 14121 | Lair:1   | Killed a death yak
 14187 | Lair:2   | Reached XP level 13. HP: 54/63 MP: 16/16
 14704 | Lair:2   | Reached skill level 23 in Dodging
 14704 | Lair:2   | Reached skill level 5 in Invocations
 14733 | Lair:2   | Acquired a +0 quick blade of draining
 14736 | Lair:2   | Acquired the +3 buckler of the Crypt {Stlth+}
 15279 | Lair:3   | Reached ****** piety under Qazlal
 15292 | Lair:3   | Reached skill level 1 in Shields
 15781 | Lair:3   | Identified the +1 robe "Dafoyresm" {Drain Dex+4}
 16017 | Lair:3   | Found a staircase to the Swamp.
 16228 | Lair:3   | Found a hole to the Spider Nest.
 16406 | Lair:3   | Acquired the ring of Edeggug {rF+ rN+ Dex+3}
 16421 | Lair:3   | Identified the +9 longbow of Pemoun {antimagic, rF+ rC+
                  | Str+3}
 16730 | Lair:4   | Reached skill level 24 in Dodging
 16798 | Lair:4   | Reached XP level 14. HP: 52/68 MP: 20/20
 17756 | Lair:5   | Entered Level 5 of the Lair of Beasts
 18483 | Lair:3   | Reached skill level 25 in Dodging
 18545 | Lair:5   | Reached skill level 10 in Invocations
 18955 | Lair:5   | Reached skill level 26 in Dodging
 19528 | Lair:5   | Reached XP level 15. HP: 72/72 MP: 23/23
 19542 | Lair:5   | Found the ring of Shadows {Umbra +Inv Stlth+}
 19866 | Lair:5   | Found a viscous altar of Jiyva.
 19867 | Lair:5   | Found a staircase to the Slime Pits.
 20339 | Orc:1    | Entered Level 1 of the Orcish Mines
 20480 | Orc:2    | Entered Level 2 of the Orcish Mines
 20616 | Orc:2    | Found a staircase to the Elven Halls.
 20970 | Orc:2    | Found Beaqutti's Antique Weapon Shop.
 20971 | Orc:2    | Found Qoopadi's Assorted Antiques.
 20973 | Orc:2    | Found Veasmuc's Jewellery Shoppe.
 20976 | Orc:2    | Found Rucsum's Book Emporium.
 21500 | Orc:1    | Reached skill level 5 in Shields
 21854 | Orc:1    | Identified the +0 spear of Limodwosch {freeze, Str+2}
 21984 | Elf:1    | Entered Level 1 of the Elven Halls
 23083 | Elf:1    | Got Ycyukkylam's Quarto of Assembling
 23563 | Elf:1    | Noticed Roxanne
 23845 | Elf:1    | Reached XP level 16. HP: 76/76 MP: 24/24
 23882 | Elf:1    | Got the Incunable of Wicked Spells
 24250 | Elf:2    | Found a frozen archway.
 24259 | IceCv    | Entered an ice cave
 24913 | IceCv    | Noticed an Ice Fiend
 24913 | IceCv    | Noticed an Ice Fiend
 24920 | IceCv    | HP: 2/76 [Ice Fiend (7)]
 24920 | IceCv    | Demolished by an Ice Fiend

Illustrated notes

Levels and vault maps discovered:
D:1:      dpeg_arrival_subterranean_lakeside_camping, layout_loops_ring,
          serial_shops, nicolae_shop_trees,
          dreamdust_ecumenical_altar_angels_and_demons, minmay_hedge_maze
D:2:      layout_loops_ring, basic_altar, kennysheep_generic_room_5
D:3:      layout_basic, ashenzari_conservatory_becter, kennysheep_another_room,
          corexii_item_surrounded_by_moat
D:4:      gammafunk_cloud_chamber, layout_loops_cross
D:5:      layout_basic, mainiacjoe_overflow_alcove_2,
          chequers_serial_rivers_micro_c, nicolae_half_adder
D:6:      layout_cave_pools, hellmonk_no_cap
D:7:      layout_loops_ring, temple_green, minivault_23, st_stairs_7,
          nrook_mini_vaults, kennysheep_crisscross
D:8:      layout_basic, enter_bailey_5
D:9:      layout_rooms, mainiacjoe_overflow_six_doors_small,
          minmay_lair_entry_grove, kennysheep_cluttered_room,
          nicolae_underground_beach
D:10:     layout_loops_cross, dreamdust_mushroom_princess,
          nicolae_diode_intersection, uniq_snorg
D:11:     layout_rooms, serial_rivers, chequers_serial_rivers_micro_b,
          chequers_serial_rivers_micro_c, chequers_serial_rivers_small_a,
          chequers_serial_rivers_small_b, chequers_serial_rivers_small_b,
          kennysheep_generic_room_11, uniq_urug
D:12:     layout_basic, erik_orc_2
D:13:     layout_stronghold, erik_vaults_2, serial_column_ruins,
          column_ruins_square_large, column_ruins_hut, column_ruins_open_tiny,
          column_ruins_columns_water, column_ruins_grid_1,
          column_ruins_columns_straight, column_ruins_grid_3,
          column_ruins_columns_dead_end, hangedman_decor_clover_reticule
D:14:     minmay_the_grid_octo_tiled_octocenter [minmay_the_grid_octo_clover_2,
          minmay_the_grid_octo_fat_diamond, minmay_the_grid_octo_empty,
          minmay_the_grid_octo_teeth,
          minmay_the_grid_octo_prize_square_snowflake,
          minmay_the_grid_square_5x5_minimal, minmay_the_grid_square_5x5_corner,
          minmay_the_grid_square_5x5_shrine2,
          minmay_the_grid_square_5x5_bridge], layout_stronghold,
          grunt_decor_junction, amcnicky_mini_pool_small, uniq_kirke
Temple:   compressed_dpeg_triangle_lava_temple
Lair:1:   layout_chaotic_city, gammafunk_ghost_arena
Lair:2:   layout_hall_layers
Lair:3:   nzn_winding_woodlands_medium [nzn_winding_woodlands_5x5_default,
          nzn_winding_woodlands_5x15_longhouse,
          nzn_winding_woodlands_5x5_default, nzn_winding_woodlands_hourglass,
          nzn_winding_woodlands_center_garden,
          nzn_winding_woodlands_5x5_closed_star,
          nzn_winding_woodlands_5x5_open_star,
          nzn_winding_woodlands_5x15_parted, nzn_winding_woodlands_5x5_three],
          layout_regular_city, nicolae_swamp_entry_spooky,
          hellmonk_spider_entry_life_and_decay, infiniplex_staircase_pool
Lair:4:   layout_long_grid, bobbens_ice_dragon_lair, lemuel_fruit_fields
Lair:5:   gammafunk_lair_ancient_temple, layout_regular_city,
          dpeg_slime_entry_corner, nicolae_quartered_pool_little,
          grunt_megastairs_5
Orc:1:    layout_caves, minmay_orc_treasury
Orc:2:    st_orc_open, layout_caves
Elf:1:    layout_rooms, minmay_elf_necromancy, uniq_roxanne
Elf:2:    nicolae_elf_blades_crystal_corner, layout_loops_ring,
          portal_ice_cave_entry_frozen_things, minmay_crystal_room,
          lemuel_upstairs_altar, uniq_donald
IceCv:    ice_cave_small_demon

Skill      XL: |  1  2  3  4  5  6  7  8  9 10 11 12 13 14 15 16 |
---------------+-------------------------------------------------+-----
Short Blades   | 4 5 6 7 8 9 11 13 14 | 14.0
Dodging        | 6 8 12 15 19 22 24 26 | 26.9
Stealth        | 4 5 |  5.0
Evocations     | 3 4 6 7 9 |  9.3
Invocations    | 2 3 7 10 | 10.0
Fighting       | 5 |  5.0
Shields        | 3 6 7 |  7.3

Action                     |  1- 3 |  4- 6 |  7- 9 | 10-12 | 13-15 | 16-18 || total
---------------------------+-------+-------+-------+-------+-------+-------++-------
  Melee: Short sword       |   101 |   100 |   354 |   758 |    65 |       ||  1378
         Quick blade       |       |       |       |       |  2677 |   755 ||  3432
         Punch             |       |       |       |       |     1 |       ||     1
   Fire: Sling             |       |    28 |    24 |       |       |       ||    52
 Invoke: Disaster Area     |       |       |       |       |     2 |     1 ||     3
         Elemental Force   |       |       |       |       |     1 |     2 ||     3
  Evoke: Wand              |       |       |       |    16 |     4 |     6 ||    26
         Piece from Xom's  |       |       |       |     9 |     1 |       ||    10
         Lightning rod     |       |       |       |       |     9 |       ||     9
         Box of beasts     |       |       |       |       |     1 |     1 ||     2
    Use: Potion            |       |       |     4 |     1 |     2 |     1 ||     8
         Scroll            |       |       |     3 |       |    26 |     2 ||    31
   Stab: Sleeping          |       |       |     2 |       |       |       ||     2
         Paralysed         |       |       |       |     2 |     2 |     1 ||     5
         Petrified         |       |       |       |     9 |       |       ||     9
 Armour: Robe              |     9 |     6 |     5 |     2 |    20 |     5 ||    47
         Skin              |       |       |    31 |       |       |       ||    31
         Steam dragon scal |       |       |       |    12 |     7 |       ||    19
  Dodge: Dodged            |    92 |    54 |   217 |   485 |  1162 |   204 ||  2214
         Repelled          |       |       |       |     1 |    13 |     1 ||    15
  Block: Orb               |       |       |     7 |   105 |     8 |       ||   120
         Buckler           |       |       |       |       |  1159 |   263 ||  1422

Table legend: (Time is in decaauts)
 A = Elapsed time spent in this place.
 B = Non-inter-level travel time spent in this place.
 C = Inter-level travel time spent in this place.
 D = Time resting spent in this place.
 E = Time spent auto-exploring this place.
 F = Levels seen in this place.
 G = Mean time per level.
                   A        B        C        D        E       F      G
               +--------+--------+--------+--------+--------+-----+--------+
         Total |  17469 |  16549 |    920 |   3325 |   8127 |  26 |  671.9 |
       Dungeon |   8461 |   7727 |    734 |   1145 |   4478 |  14 |  604.4 |
        Temple |      9 |      9 |      0 |      0 |      0 |   1 |    9.0 |
          Lair |   5340 |   5185 |    155 |   1125 |   2431 |   5 | 1068.0 |
  Orcish Mines |   1809 |   1778 |     31 |    496 |    709 |   2 |  904.5 |
   Elven Halls |    948 |    948 |      0 |     88 |    402 |   2 |  474.0 |
        Bailey |    393 |    393 |      0 |    200 |     79 |   1 |  393.0 |
      Ice Cave |    505 |    505 |      0 |    270 |     25 |   1 |  505.0 |
               +--------+--------+--------+--------+--------+-----+--------+

Top non-repeatable levels by time:
  Lair:4: 1521 daAuts
  Lair:3: 1496 daAuts
    D:10: 956 daAuts
     D:3: 943 daAuts
   Orc:2: 924 daAuts
   Orc:1: 884 daAuts
  Lair:1: 851 daAuts
  Lair:5: 832 daAuts
   Elf:1: 802 daAuts
    D:12: 750 daAuts
     D:9: 738 daAuts
    D:11: 699 daAuts
     D:7: 668 daAuts
     D:1: 663 daAuts
  Lair:2: 639 daAuts
